 Dungeon Crawl Stone Soup version 0.19-a0-1032-g6b228a8 (webtiles) character file.

6 rageheart7 the Shooter (level 1, -2/15 HPs)
             Began as a Centaur Wanderer on July 28, 2016.
             Slain by a hobgoblin
             ... wielding a +0 club
              (3 damage)
             ... on level 1 of the Dungeon.
             The game lasted 00:01:40 (176 turns).

rageheart7 the Shooter (Centaur Wanderer)            Turns: 176, Time: 00:01:41

Health: -2/15      AC:  4    Str: 14    XL:     1   Next: 75%
Magic:  2/2        EV: 14    Int: 12    God:
Gold:   18         SH:  0    Dex: 12    Spells: 1 memorised, 1 level left

rFire  . . .     SeeInvis .     e - +0 club
rCold  . . .     Gourm    .     d - +0 robe
rNeg   . . .     Faith    .     (no shield)
rPois  .         Spirit   .     (no helmet)
rElec  .         Dismiss  .     (no cloak)
rCorr  .         Reflect  .     (no gloves)
SustAt .         Harm     .     (no barding)
MR     .....                    (no amulet)
Stlth  ++........               (no ring)
                                (no ring)

@: agile, very quick, not resistant to hostile enchantments, unstealthy
A: hooves 3, deformed body, speed 2, tough skin 3
a: no special abilities


You were on level 1 of the Dungeon.
You were not hungry.

You visited 1 branch of the dungeon, and saw 1 of its levels.

You collected 18 gold pieces.

Inventory:

Hand Weapons
 e - a +0 club (weapon)
Armour
 d - a +0 robe (worn)
Scrolls
 h - a scroll of fog {unknown}
Potions
 k - a potion of curing {unknown}
Books
 a - a book of Maledictions

   Spells                             Type                      Level
   a - Corona                         Hexes                        1
   b - Ensorcelled Hibernation        Hexes/Ice                    2
   c - Confuse                        Hexes                        3
   d - Tukima's Dance                 Hexes                        3
   e - Dazzling Spray                 Conjuration/Hexes            3
 b - Sif Muna's Handbook of Intoxication

   Spells                             Type                      Level
   a - Sting                          Conjuration/Poison           1
   b - Spider Form                    Transmutation/Poison         3
Comestibles
 f - a bread ration
 g - a chunk of flesh
 j - 2 fruits


   Skills:
 * Level 0.6 Fighting
   Level 4.0 Bows
 - Level 1.3 Spellcasting
 - Level 3.6 Hexes
   Level 1.7 Evocations


You had one spell level left.
You knew the following spells:

 Your Spells              Type           Power        Failure   Level  Hunger
a - Corona                Hex            #......      10%         1    ##.....


Dungeon Overview and Level Annotations

Branches:
Dungeon (1/15)

Altars:


Innate Abilities, Weirdness & Mutations

You have hooves in place of feet.
Armour fits poorly on your strangely shaped body.
You cover ground very quickly.
You have extremely tough skin. (AC +3)


Message History

You hit the goblin.
You kill the goblin!
The hobgoblin hits you but does no damage.
You hit the hobgoblin.
The hobgoblin is heavily wounded.
The hobgoblin hits you but does no damage.
You hit the hobgoblin.
The hobgoblin is almost dead.
The hobgoblin hits you but does no damage.
You barely miss the hobgoblin.
The hobgoblin is almost dead.
The hobgoblin hits you but does no damage. x2
You closely miss the hobgoblin.
The hobgoblin is almost dead.
The hobgoblin hits you but does no damage.
You closely miss the hobgoblin.
The hobgoblin is almost dead.
You feel less woody.
Your +0 robe unmelds from your body.
The hobgoblin hits you with a club.
You die...

#.# ##.##.#### #.....##...
#.####>....# !##.....##...
#..........####.##.......)..
#..###..).............[##..#
#..........# ...##.....##...
##.###.....##.## #..#####...
#.# ###.......###.. #... #.#
#.....#...... #.# #.#
#.##@g..####. ..
#.###.#.##)#.## #..........#
# ###.#......# .........
.#........ ##.........#
##..$##.... #... ##.###


You could see a hobgoblin.

Vanquished Creatures
  2 goblins (D:1)
  3 bats (D:1)
5 creatures vanquished.

Notes
Turn   | Place    | Note
-------+----------+-------------------------------------------
     0 | D:1      | rageheart7 the Centaur Wanderer began the quest for the Orb.
     0 | D:1      | rageheart7 set off with: a book of Maledictions, Sif Muna's Handbook of Intoxication, a potion of lignification, a +0 robe, a +0 club, a bread ration
     0 | D:1      | Reached XP level 1. HP: 14/14 MP: 2/2
     0 | D:1      | Identified Sif Muna's Handbook of Intoxication
     2 | D:1      | Learned a level 1 spell: Corona
    11 | D:1      | Noticed a swamp drake
    12 | D:1      | Noticed an iguana
    12 | D:1      | Noticed a salamander
   176 | D:1      | Slain by a hobgoblin

Vault maps used:
D:1:      onia_arrival_zoo_common

Action                   || total
-------------------------++-------
Melee: Club              ||    32
       Kick              ||     2
  Use: Potion            ||     2
Armor: Robe              ||    14
       Skin              ||    13
Dodge: Dodged            ||    17
